 Dungeon Crawl Stone Soup version 0.23-a0-445-g768d57b (webtiles) character file.

7 Azzok the Firebug (level 1, -1/13 HPs)
             Began as a Demonspawn Fire Elementalist on Nov 17, 2018.
             Slain by a hobgoblin
             ... wielding a +0 club
              (5 damage)
             ... on level 1 of the Dungeon.
             The game lasted 00:00:27 (145 turns).

Azzok the Firebug (Demonspawn Fire Elementalist)     Turns: 145, Time: 00:00:28

Health: -1/13      AC:  2    Str:  8    XL:     1   Next: 83%
Magic:  1/3        EV: 12    Int: 16    God:
Gold:   14         SH:  0    Dex: 13    Spells: 3/4 levels left

rFire    . . .     SeeInvis .   (no weapon)
rCold    . . .     Gourm    .   (no shield)
rNeg     . . .     Faith    .   a - +0 robe
rPois    .         Spirit   .   (no helmet)
rElec    .         Reflect  .   (no cloak)
rCorr    .         Harm     .   (no gloves)
MR       .....                  (no boots)
Stlth    +.........             (no amulet)
HPRegen  0.04/turn              (no ring)
MPRegen  0.08/turn              (no ring)

@: very slow
A: no striking features
a: no special abilities


You were on level 1 of the Dungeon.
You were not hungry.

You visited 1 branch of the dungeon, and saw 1 of its levels.

You collected 14 gold pieces.

Inventory:

Armour
 a - a +0 robe (worn)
Comestibles
 c - a ration


   Skills:
 - Level 1.7 Dodging
 - Level 1.7 Stealth
 + Level 2.1 Spellcasting
 + Level 1.3 Conjurations
 + Level 2.8 Fire Magic


You had 3 spell levels left.
You knew the following spells:

 Your Spells              Type           Power        Failure   Level  Hunger
a - Flame Tongue          Conj/Fire      #....        9%          1    #......

Your spell library contained the following spells:

 Spells                   Type           Power        Failure   Level  Hunger
 Throw Flame              Conj/Fire      #.....       13%         2    ###....
 Conjure Flame            Conj/Fire      #.......     26%         3    ###....
 Inner Flame              Hex/Fire       #.......     34%         3    ###....
 Sticky Flame             Conj/Fire      #.......     65%         4    #####..
 Fireball                 Conj/Fire      #.........   94%         5    ######.


Dungeon Overview and Level Annotations

Branches:
Dungeon (1/15)

Altars:


Message History

The leopard gecko bites you. The hobgoblin hits you with a +0 club.
* * * LOW HITPOINT WARNING * * *
The leopard gecko closely misses you.
The leopard gecko splashes around in the water.
The hobgoblin closely misses you. The leopard gecko closely misses you.
The hobgoblin hits you but does no damage.
The leopard gecko bites you.
* * * LOW HITPOINT WARNING * * *
Casting: Flame Tongue (safe; 9% risk of failure)
Confirm with . or Enter, or press ? or * to list all spells.
Aiming: Flame Tongue (safe; 9% risk of failure)
Press: ? - help, Shift-Dir - straight line, f/p - hobgoblin
Aim: a hobgoblin, wielding a +0 club The flame tongue hits the leopard gecko.
You kill the leopard gecko!
The hobgoblin hits you but does no damage.
You enter the shallow water.
Moving in this stuff is going to be slow.
The hobgoblin hits you with a +0 club.
You die...

▒·▒····†···▒
▒···▒▒·▒▒·▒▒▒▒▒
·····g··▒▒▒▒
▒······▒▒·▒▒▒ ▒
·········▒
▒···▒▒▒▒▒···▒ ▒
·▒▒▒·▒▒)(▒ ▒···▒ ▒▒▒·▒
▒ ▒ ▒··▒ ▒···▒ ▒·▒▒▒
▒··▒▒▒▒▒▒▒▒▒(··▒ ▒····
··············)▒▒▒▒▒
▒·▒▒▒
··········g▒·······▒
▒·▒
··≈······@≈········▒
▒>▒
≈≈····≈≈≈·······?▒▒▒·▒
≈≈≈····≈·▒·w·········▒
≈≈≈······▒▒▒·····▒▒▒·▒
≈≈≈≈···········▒▒▒ ▒·▒
≈§≈§§····▒▒▒▒·········
§§§≈≈≈···▒ ·▒▒▒▒▒
§§§≈≈≈≈··▒ ·▒
≈≈≈≈≈≈≈≈·▒ ·▒


You could see a dart slug and a hobgoblin.

Vanquished Creatures
  A leopard gecko (D:1)
  A bat (D:1)
  A goblin (D:1)
  2 kobolds (D:1)
5 creatures vanquished.

Notes
Turn   | Place    | Note
-------+----------+-------------------------------------------
     0 | D:1      | Azzok the Demonspawn Fire Elementalist began the quest for
                  | the Orb.
     0 | D:1      | Reached XP level 1. HP: 13/13 MP: 3/3
   145 | D:1      | Slain by a hobgoblin

Vault maps used:
D:1:      ncdulo_smallfort, hangedman_feature_mirror, lemuel_old_faithful

Action                   || total
-------------------------++-------
Melee: Unarmed           ||     3
 Cast: Flame Tongue      ||     9
Armor: Robe              ||     3
Dodge: Dodged            ||     9

Table legend:
 A = Non-vault XP
 B = Vault XP
 C = Vault XP percentage of total XP
 D = Non-vault monster count
 E = Vault monster count
 F = Vault count percentage of total count
                 A         B        C        D         E       F
            +---------+---------+-------+---------+---------+-------
      Total |       8 |       2 |  20.0 |       4 |       1 |  20.0
            +---------+---------+-------+---------+---------+-------
        D:1 |       8 |       2 |  20.0 |       4 |       1 |  20.0
            +---------+---------+-------+---------+---------+-------
